 Dungeon Crawl Stone Soup version 0.13-a0-1553-g7307ddf (webtiles) character file.

266 Kae the Ruffian (level 4, 0/35 HPs)
             Began as a Draconian Transmuter on June 10, 2013.
             Slain by an iguana (6 damage)
             ... on Level 3 of the Dungeon.
             The game lasted 00:07:13 (3845 turns).

Kae the Ruffian (Draconian Transmuter)              Turns: 3845, Time: 00:07:13

HP   0/35        AC  5     Str 13      XL: 4   Next: 72%
MP   2/6         EV 12     Int 14      God:
Gold 148         SH  0     Dex 11      Spells:  2 memorised,  4 levels left

Res.Fire  : . . .   See Invis. : .   b - 10 arrows
Res.Cold  : . . .   Warding    : .   (armour unavailable)
Life Prot.: . . .   Conserve   : .   (no shield)
Res.Poison: .       Res.Corr.  : .   (helmet restricted)
Res.Elec. : .       Clarity    : .   (no cloak)
Sust.Abil.: . .     Spirit.Shd : .   (no gloves)
Res.Mut.  : .       Stasis     : .   (no boots)
Res.Rott. : .       Flight     : .   (no amulet)
Saprovore : . . .                    (no ring)
                                     (no ring)

@: slightly resistant to hostile enchantments, unstealthy
A: unfitting armour, AC +5
a: no special abilities


You were on level 3 of the Dungeon.
You were hungry.

You visited 1 branch of the dungeon, and saw 4 of its levels.

You collected 128 gold pieces.

Inventory:

Hand weapons
 e - a +0,+0 club
 h - a +0,+0 club (quivered)
 j - a -1,+1 orcish club
 q - a +0,+0 club
Missiles
 b - 10 arrows (in hand)
 s - 17 arrows of frost
Magical devices
 w - a wand of lightning (4) {unknown}
Comestibles
 a - 2 bread rations
 t - 2 chokos
 x - a beef jerky
 A - a rotting chunk of giant cockroach flesh
 C - a rotting chunk of adder flesh
 D - a rotting chunk of jackal flesh
Scrolls
 i - a scroll of curse jewellery {unknown}
 k - 2 scrolls of fear {unknown}
 l - 3 scrolls of teleportation {unknown}
 n - a scroll of magic mapping {unknown}
 p - a scroll of identify {unknown}
 v - 2 scrolls of fog {unknown}
 y - a scroll of enchant armour {unknown}
 z - a scroll of noise {unknown}
Jewellery
 f - an uncursed ring of invisibility {unknown}
 m - a cursed ring of hunger {unknown}
Potions
 c - a potion of curing
 g - 2 potions of slowing {unknown}
 o - a potion of magic {unknown}
 r - a potion of flight {unknown}
 u - a potion of confusion {unknown}
Books
 d - a book of Changes

   Spells                             Type                      Level
   *Beastly Appendage                 Transmutation                1
   *Sticks to Snakes                  Transmutation                2
   Spider Form                        Transmutation/Poison         3
   Ice Form                           Ice/Transmutation            4
   Blade Hands                        Transmutation                5


   Skills:
 + Level 1.5 Fighting
 + Level 2.7 Dodging
 + Level 0.4 Stealth
 + Level 0.4 Traps
 + Level 4.2 Unarmed Combat
 + Level 2.4 Spellcasting
 + Level 2.2 Transmutations


You had 4 spell levels left.
You knew the following spells:

 Your Spells              Type           Power        Failure   Level  Hunger
a - Beastly Appendage     Trmt           #.....       12%         1    #......
b - Sticks to Snakes      Trmt           #.........   17%         2    ###....


Dungeon Overview and Level Annotations

Branches:
Dungeon (4/27)
 Temple: D:4-7

Altars:

Annotations
D:2 Sigmund


Message History

Your ball python bites the iguana but does no damage.
Your ball python constricts the iguana.
The iguana struggles to escape constriction.
Your ball python bites the iguana but does no damage.
Your ball python constricts the iguana.
The iguana struggles to escape constriction.
Your ball python bites the iguana but does no damage.
Your ball python constricts the iguana.
The iguana struggles to escape constriction.
Your ball python bites the iguana but does no damage.
Your ball python constricts the iguana.
Your ball python bites the iguana but does no damage.
Your ball python constricts the iguana.
The iguana escapes!
Casting: Sticks to Snakes
Confirm with . or Enter, or press ? or * to list all spells.
You create a snake!
The iguana barely misses you.
Your ball python closely misses the iguana.
Your ball python grabs the iguana.
Your ball python constricts the iguana.
The iguana bites you.
You die...

.......# #.####..######
####...###............#
# #........###..####.#
## #..#####.# #..# #.#
.# #..# #.# #..# #.# .#
#..# #.# #..# #.# .#
#..# #.# #..# #.# ##
#..#####.###..# #.# .#
#............@####.#
.###.######....S.lS..>#
..##.# #........######
.....####.########
..........# ##.########
..## ### #


You could see an iguana and friendly 2 ball pythons.

Vanquished Creatures
  2 adders (D:3)
  A worm (D:2)
  An ooze (D:1)
  4 orcs (D:3)
  3 giant cockroaches
  4 goblins
  9 hobgoblins
  A jackal (D:3)
  4 bats
  2 giant geckos
  3 giant newts
  A giant spore (D:4)
  2 kobolds (D:3)
  3 quokkas
  6 rats
46 creatures vanquished.

Vanquished Creatures (collateral kills)
  Ijyb (D:2)
  3 adders
  2 worms (D:2)
  3 hobgoblins (D:2)
  3 ball pythons
  A jackal (D:3)
  A rat (D:2)
14 creatures vanquished.

Vanquished Creatures (others)
  A giant cockroach (D:4)
  A bat (D:4)
  A rat (D:2)
3 creatures vanquished.

Grand Total: 63 creatures vanquished

Notes
Turn   | Place    | Note
--------------------------------------------------------------
     0 | D:1      | Kae, the Draconian Transmuter, began the quest for the Orb.
     0 | D:1      | Reached XP level 1. HP: 16/16 MP: 1/1
   440 | D:1      | Reached XP level 2. HP: 21/23 MP: 3/3
   470 | D:1      | Learned a level 2 spell: Sticks to Snakes
   959 | D:2      | Noticed Sigmund
  1028 | D:2      | Noticed Ijyb
  1328 | D:2      | Reached XP level 3. HP: 17/28 MP: 4/4
  1755 | D:2      | Reached skill level 4 in Unarmed Combat
  1895 | D:2      | Killed Ijyb
  1895 | D:2      | Reached XP level 4. HP: 10/35 MP: 1/6
  3845 | D:3      | Slain by an iguana

Action                   |  1- 3 |  4- 6 || total
-------------------------+-------+-------++-------
Melee: Unarmed           |   103 |    92 ||   195
       Club              |     8 |       ||     8
 Cast: Beastly Appendage |     2 |       ||     2
       Sticks to Snakes  |     9 |     8 ||    17
  Use: Potion            |       |     1 ||     1
 Stab: Sleeping          |     1 |       ||     1
       Distracted        |       |     1 ||     1
